 Dungeon Crawl Stone Soup version 0.31-a0-1570-g93c622d222 (webtiles) character file.

Game seed: 10204174039396008027

202527 case the Slayer (level 17, -10/158 HPs)
             Began as a Minotaur Berserker on Jan 4, 2024.
             Was the Champion of Trog.
             Mangled by a salamander
             ... wielding a +0 trident
              (13 damage)
             ... on level 3 of the Abyss.
             The game lasted 01:00:22 (28897 turns).

case the Slayer (Minotaur Berserker)               Turns: 28897, Time: 01:00:22

Health: -10/158    AC: 34    Str: 26    XL:     17   Next: 95%
Magic:  16/16      EV: 19    Int:  6    God:    Trog [******]
Gold:   1541       SH: 24    Dex: 14    Spells: 16/16 levels left

rFire   . . .        q - +8 broad axe "Umimiel" {flame, Dex+2}
rCold   . . .        r - +5 kite shield "Giofen" {rPois rN+ Str-2 Int+2}
rNeg    + . .        E - +5 plate armour
rPois   +            (helmet restricted)
rElec   .            J - +2 cloak
rCorr   +            g - +2 pair of gloves
SInv    .            D - +2 pair of boots {Fly}
Will    +....        f - amulet of reflection Stlth
                     d - +5 ring of evasion
HPRegen 0.00/turn    C - ring of resist corrosion
MPRegen 0.15/turn

%: reflection
@: lethally poisoned (-10 -> -15), on berserk cooldown, sick, flying, slowed,
very slow
A: horns 2, retaliatory headbutt, frail 1
}: 1/15 runes: decaying
a: Renounce Religion, Berserk, Trog's Hand, Brothers in Arms


You were on level 3 of the Abyss.
You worshipped Trog.
Trog was exalted by your worship.
You visited 6 branches of the dungeon, and saw 31 of its levels.
You visited the Abyss 1 time.
You also visited: Bailey.

You collected 2692 gold pieces.
You spent 1151 gold pieces at shops.

Inventory:

Hand Weapons
 e - a +6 broad axe of flaming
 i - a +4 antimagic war axe
 q - the +8 broad axe "Umimiel" (weapon) {flame, Dex+2}
   (Trog gifted it to you on level 2 of the Spider Nest)

   Dex+2:     It affects your dexterity (+2).
 H - a +1 scimitar of flaming
Missiles
 X - a throwing net
Armour
 g - a +2 pair of gloves (worn)
 r - the +5 kite shield "Giofen" (worn) {rPois rN+ Str-2 Int+2}
   (You found it on level 4 of the Dungeon)

   Str-2:     It affects your strength (-2).
   Int+2:     It affects your intelligence (+2).
   rPois:     It protects you from poison rN+: It protects you from negative
   energy.
 D - a +2 pair of boots of flying (worn)
 E - a +5 plate armour (worn)
 F - the +1 leather armour of Limited Liability {Fly rF+}
   (You found it on level 9 of the Dungeon)

   rF+:       It protects you from fire.
   Fly:       It grants you flight.
 J - a +2 cloak (worn)
Jewellery
 d - a +5 ring of evasion (left hand)
 f - an amulet of reflection (around neck)
 m - a ring of ice
 u - a +6 ring of intelligence
 y - a ring of ice
 C - a ring of resist corrosion (right hand)
 P - an amulet of guardian spirit
 Q - a +6 ring of strength
 R - a ring of poison resistance
Wands
 l - a wand of roots (19)
 p - a wand of flame (45)
 A - a wand of charming (10)
 I - a wand of polymorph (25)
 K - a wand of digging (5)
 V - a wand of mindburst (10)
 Z - a wand of acid (8)
Scrolls
 h - 2 scrolls of butterflies
 j - 5 scrolls of revelation
 k - 4 scrolls of vulnerability
 o - 8 scrolls of teleportation
 s - 7 scrolls of identify
 w - 5 scrolls of fog
 B - a scroll of enchant weapon
 L - 2 scrolls of blinking
 M - 2 scrolls of poison
 O - 3 scrolls of fear
 U - 2 scrolls of immolation
 W - 4 scrolls of noise
Potions
 a - 3 potions of mutation
 b - 3 potions of attraction
 c - 6 potions of brilliance
 n - 4 potions of haste
 t - 3 potions of might
 v - 2 potions of heal wounds
 x - a potion of ambrosia
 z - 12 potions of curing
 N - a potion of resistance
 S - 4 potions of enlightenment
 T - 2 potions of lignification
 Y - a potion of berserk rage


   Skills:
 * Level 22.1 Fighting
 - Level 18.9 Axes
 + Level 17.3 Armour
 + Level 15.8 Dodging
 + Level 17.0 Shields


You had 16 spell levels left.
You didn't know any spells.
Your spell library was empty.

Dungeon Overview and Level Annotations

Branches:
Dungeon (15/15)            Temple (0/1) D:5            Lair (5/5) D:9
  Swamp (4/4) Lair:3       Spider (4/4) Lair:3        Slime (0/5) Lair:4
    Orc (2/2) D:11            Elf (1/3) Orc:2        Vaults (0/5) D:13
 Depths (0/4) D:15         Bailey (visited)

Altars:
Cheibriados
Fedhas
Kikubaaqudgha
Makhleb
Okawaru
Qazlal
Ru
Sif Muna
Trog
Vehumet
Yredelemnul
Jiyva

Shops:
D:11 ?   Orc:2 ::?[*

Annotations:
D:9 exclusions: 2 electric eels and 1 more exclusion
D:14 1 runed translucent door, Dunag's ghost, journeyman MiFi
Lair:3 1 exclusion
Lair:4 exclusion: 5 oklob plants
Spider:4 1 runed translucent door, Louise; gummybears's ghost, adept HOMo


Innate Abilities, Weirdness & Mutations

You have a pair of horns on your head.
You reflexively headbutt those who attack you in melee.
You are frail. (-10% HP)


Message History

You burn the guardian serpent.
You kill the guardian serpent!
Trog accepts your kill.
Trog appreciates your killing of a magic user.
You slash the ancient zyme! You burn the ancient zyme!
You barely miss the large abomination.
You feel extremely sick.
You block the large abomination's attack.
You block the ancient zyme's attack.
The ancient zyme hits you but does no damage.
You slice the ancient zyme!! You burn the ancient zyme!
You destroy the ancient zyme!
Trog accepts your kill.
You hit the large abomination. You burn the large abomination.
You feel very sick.
You block the large abomination's attack.
You slice the large abomination!! You burn the large abomination.
You destroy the large abomination!
Trog accepts your kill.
You feel very sick.
Your Shields skill increases to level 17!
You feel very sick.
You feel a strong urge to attack something.
You feel very sick.
You feel very sick.
You feel your anger nearly subside.
You are no longer berserk.
You are exhausted.
You feel as though you will be slow longer.
You feel very sick.
You feel very sick.
A raiju comes into view.
The salamander hits you from afar with a +0 trident.
* * * LOW HITPOINT WARNING * * *
You are engulfed in flames!
* * * LOW HITPOINT WARNING * * *
You feel sick.
The salamander hits you with a +0 trident.
* * * LOW HITPOINT WARNING * * *
You are engulfed in flames!
You die...

##. #. . ....# ...#
#. #.# #x##### ###.
# .#[#.#. # ...# #
.... .##. ...### . .
~ #.... # ###
.....## #..≈##... ##
#.###...h..# # .≈##
....#####.##........
.
..#..##.....N@...>.#
##. #....#.......##
. #
.##..###........# .
###. . #......#.#
.... #...#
#####.##.# #.# ..#
#..#.. ..#....#
##..... .... ......
#. .. ......#


You could see a salamander and a raiju.

Vanquished Creatures
  Mara (Spider:3)
  Arachne (Spider:3)
  A tentacled monstrosity (Swamp:4)
  A tentacled starspawn (Abyss:3)
  A thorn hunter (Swamp:3)
  A fenstrider witch (Swamp:1)
  Roxanne (Swamp:1)
  An emperor scorpion (Spider:1)
  2 ghouls (Swamp:4)
  3 broodmothers
  An ophan (Abyss:2)
  5 eleionomae
  6 bunyips
  A spark wasp (Spider:4)
  A crystal guardian (D:15)
  5 entropy weavers
  21 hydras
  A catoblepas (Lair:5)
  A great orb of eyes (Abyss:3)
  Erica (Lair:2)
  A radroach (Spider:3)
  5 centaur warriors
  12 alligators
  4 jorogumos
  6 boulder beetles
  4 two-headed ogres
  3 death yaks (Lair:4)
  A thrashing horror (Abyss:2)
  4 demonic crawlers
  3 orc high priests (Orc:2)
  A vampire mage (Abyss:2)
  2 skysharks (Lair:5)
  2 wretched stars
  Sonja (D:12)
  4 goliath frogs
  6 pharaoh ants
  2 spriggan druids
  An anaconda zombie (Abyss:2)
  A deep troll (shapeshifter) (D:13)
  4 skeletal warriors (D:13)
  2 arcanists
  2 sun moths
  12 swamp dragons
  4 orb spiders
  9 steelbarb worms
  3 bog bodies
  12 wolf spiders
  Pikel (D:7)
  5 ugly things
  2 will-o-the-wisps
  3 manticores
  2 orc sorcerers (Orc:1)
  2 salamanders (D:15)
  A deep elf zephyrmancer (Elf:1)
  A cyclops (D:11)
  4 meliai
  Maurice (Orc:2)
  2 moths of wrath
  5 black mambas
  A torpor snail (Lair:4)
  A guardian serpent (Abyss:3)
  Joseph (D:7)
  A smoke demon (Abyss:2)
  A cane toad (shapeshifter) (D:11)
  6 large abominations
  2 gargoyles (D:15)
  2 kobold demonologists (D:10)
  An unseen horror (D:11)
  An unseen horror zombie (D:8)
  25 cane toads
  3 rime drakes
  A freezing wraith (D:15)
  10 komodo dragons
  A yaktaur (D:15)
  2 trolls
  The ghost of innerfire43 the Trooper, an amateur DsWn (D:3)
  4 ancient zymes (Abyss:3)
  A troll (shapeshifter) (D:13)
  7 hornets
  12 tyrant leeches
  28 tarantellas
  4 polar bears
  Grinder (D:3)
  A wind drake (D:15)
  17 blink frogs
  5 slime creatures (D:13)
  15 spriggans
  19 jumping spiders
  An air elemental (Elf:1)
  A shadow (D:13)
  20 culicivoras
  A centaur simulacrum (D:14)
  5 wraiths
  A small abomination (Abyss:2)
  54 yaks
  2 vampires
  A human (D:10)
  8 wyverns
  A fire elemental (Elf:1)
  3 wargs
  21 vampire mosquitoes
  A neqoxec (Abyss:3)
  57 redbacks
  4 basilisks
  2 chaos spawn (Abyss:3)
  Menkaure (D:4)
  Grum (D:9)
  3 steam dragons
  18 swamp worms
  2 acid dragons
  13 water moccasins
  Duvessa (D:4)
  9 swamp drakes
  13 orc warriors
  A sky beast (shapeshifter) (D:13)
  2 meliai simulacra (D:15)
  An ice beast (D:8)
  7 laughing skulls
  4 black bears
  A sky beast (Abyss:2)
  25 wolves
  A boggart (D:15)
  11 ogres
  13 centaurs
  A lemure (D:7)
  7 kobold brigands
  A brain worm (shapeshifter) (D:13)
  A gnoll sergeant (D:11)
  A wyvern zombie (D:8)
  20 bullfrogs
  An earth elemental (Abyss:2)
  A necrophage (D:8)
  A scorpion (D:5)
  5 wights (D:6)
  Dowan (D:4)
  8 killer bees
  6 electric eels
  9 howler monkeys
  A crimson imp (D:10)
  A centaur zombie (D:8)
  A quasit (Abyss:2)
  A human zombie (D:8)
  A hound (D:4)
  22 orc priests
  A jelly (D:5)
  13 starcursed masses (Abyss:3)
  5 sleepcaps
  Jessica (D:3)
  5 iguanas
  21 orc wizards
  10 hell rats
  3 killer bee zombies (D:8)
  3 mummies (D:8)
  A howler monkey zombie (D:8)
  22 gnolls
  9 adders
  A white imp (D:5)
  6 dart slugs
  A ribbon worm (D:3)
  64 orcs
  7 ball pythons
  7 bats
  6 endoplasms
  4 giant cockroaches
  11 goblins
  9 hobgoblins
  2 jackals (D:2)
  51 kobolds
  3 quokkas
  5 frilled lizards
  7 rats
  A spectral goblin (D:2)
1049 creatures vanquished.

Vanquished Creatures (collateral kills)
  the Lernaean hydra (Swamp:4)
  2 orc high priests (Orc:2)
  An orc knight (Orc:2)
  2 orc sorcerers (Orc:2)
  A will-o-the-wisp (Swamp:4)
  A kobold blastminer (Orc:2)
  A spriggan (Bailey)
  2 jumping spiders (Spider:3)
  An acid dragon (Bailey)
  4 orc warriors (Orc:2)
  A swamp drake (Swamp:4)
  An ogre (Orc:2)
  10 orc priests (Orc:2)
  5 orc wizards (Orc:2)
  10 orcs (Orc:2)
43 creatures vanquished.

Vanquished Creatures (others)
  2 bloated husks
  An air elemental (D:15)
  19 foxfires
  2 starspawn tentacles (Abyss:3)
24 creatures vanquished.

Grand Total: 1116 creatures vanquished

Notes
Turn   | Place    | Note
-------+----------+-------------------------------------------
     0 | D:1      | case the Minotaur Berserker began the quest for the Orb.
     0 | D:1      | Reached XP level 1. HP: 19/19 MP: 0/0
   171 | D:1      | Reached XP level 2. HP: 15/26 MP: 1/1
   617 | D:1      | Reached skill level 5 in Axes
   656 | D:2      | Reached ** piety under Trog
   677 | D:2      | Reached XP level 3. HP: 31/31 MP: 2/2
   956 | D:2      | Found a faded altar of an unknown god.
  1129 | D:2      | Reached XP level 4. HP: 37/39 MP: 3/3
  1279 | D:3      | Noticed Grinder
  1289 | D:3      | Killed Grinder
  1290 | D:3      | Reached XP level 5. HP: 45/45 MP: 4/4
  1290 | D:3      | Reached XP level 6. HP: 51/51 MP: 5/5
  1410 | D:3      | Found a burning altar of Makhleb.
  1412 | D:3      | Noticed Jessica
  1421 | D:3      | Killed Jessica
  2040 | D:3      | Found a runed translucent door.
  2078 | D:3      | Noticed innerfire43's ghost (amateur DsWn)
  2161 | D:3      | Killed innerfire43's ghost
  2162 | D:3      | Reached XP level 7. HP: 57/57 MP: 6/6
  2323 | D:4      | Reached skill level 10 in Axes
  2367 | D:4      | Reached *** piety under Trog
  2448 | D:4      | Noticed Duvessa
  2449 | D:4      | Noticed Dowan
  2462 | D:4      | Killed Duvessa
  2465 | D:4      | Killed Dowan
  2563 | D:4      | Reached XP level 8. HP: 64/64 MP: 7/7
  2658 | D:4      | Noticed Menkaure
  2665 | D:4      | Killed Menkaure
  2686 | D:4      | Identified the +5 kite shield "Giofen" {rPois rN+ Str-2
                  | Int+2}
  2972 | D:4      | Reached skill level 1 in Shields
  3013 | D:4      | Reached skill level 4 in Fighting
  3092 | D:4      | Reached **** piety under Trog
  3378 | D:5      | Entered Level 5 of the Dungeon
  3381 | D:5      | Found a staircase to the Ecumenical Temple.
  3490 | D:5      | Reached XP level 9. HP: 73/73 MP: 8/8
  3750 | D:5      | Reached skill level 5 in Fighting
  4250 | D:6      | Identified the +2 ring mail of Tohol {MP+9}
  4268 | D:6      | Found a radiant altar of Vehumet.
  4993 | D:7      | Noticed Joseph
  5005 | D:7      | Killed Joseph
  5006 | D:7      | Reached skill level 5 in Armour
  5045 | D:7      | Found a flagged portal.
  5048 | D:7      | Noticed Pikel
  5066 | D:7      | Killed Pikel
  5067 | D:7      | Reached skill level 6 in Fighting
  5080 | Bailey   | Entered a bailey
  5114 | Bailey   | Reached skill level 5 in Dodging
  5130 | Bailey   | Reached XP level 10. HP: 54/84 MP: 9/9
  5138 | Bailey   | Noticed a two-headed ogre
  5152 | Bailey   | Killed a two-headed ogre
  5153 | Bailey   | Reached skill level 5 in Shields
  5274 | Bailey   | Reached ***** piety under Trog
  5406 | Bailey   | Identified the +7 quarterstaff of Dismemberment {freeze,
                  | rPois}
  5406 | Bailey   | Identified the +1 swamp dragon scales "Haol" {Harm rPois}
  5418 | Bailey   | Reached skill level 7 in Fighting
  5867 | D:7      | Found a bloodstained altar of Trog.
  6353 | D:8      | Reached skill level 15 in Axes
  6391 | D:8      | Found a basalt altar of Yredelemnul.
  6654 | D:8      | Reached XP level 11. HP: 86/94 MP: 10/10
  6843 | D:9      | Noticed Grum
  6852 | D:9      | Killed Grum
  6961 | D:9      | Reached skill level 8 in Fighting
  6978 | D:9      | Found a staircase to the Lair.
  7085 | D:9      | Found an iron altar of Okawaru.
  7128 | D:9      | Found a shimmering blue altar of Sif Muna.
  7369 | D:9      | Found a snail-covered altar of Cheibriados.
  7380 | D:9      | Identified the +1 leather armour of Limited Liability {Fly
                  | rF+}
  7567 | Lair:1   | Entered Level 1 of the Lair of Beasts
  7629 | Lair:1   | Received a gift from Trog
  8797 | Lair:2   | Noticed Erica
  8806 | Lair:2   | Reached skill level 9 in Fighting
  8822 | Lair:2   | Killed Erica
  9132 | Lair:2   | Reached XP level 12. HP: 104/104 MP: 11/11
  9921 | Lair:3   | Noticed a seven-headed hydra
  9921 | Lair:3   | Noticed an eight-headed hydra
  9935 | Lair:3   | Killed a four-headed hydra
  9938 | Lair:3   | Killed a five-headed hydra
 10054 | Lair:3   | Found a staircase to the Swamp.
 10125 | Lair:3   | Noticed a boulder beetle
 10160 | Lair:3   | Killed a boulder beetle
 10308 | Lair:3   | Found a hole to the Spider Nest.
 10312 | Lair:3   | Reached skill level 10 in Fighting
 10561 | Lair:3   | Noticed an eight-headed hydra
 10574 | Lair:3   | Killed a three-headed hydra
 10791 | Lair:3   | Noticed a seven-headed hydra
 10799 | Lair:3   | Killed a four-headed hydra
 11094 | Lair:3   | Noticed a six-headed hydra
 11096 | Lair:3   | Reached skill level 10 in Armour
 11107 | Lair:3   | Killed a one-headed hydra
 11865 | Lair:4   | Noticed a seven-headed hydra
 11879 | Lair:4   | Killed a three-headed hydra
 11880 | Lair:4   | Reached XP level 13. HP: 71/114 MP: 12/12
 12184 | Lair:4   | Found a viscous altar of Jiyva.
 12186 | Lair:4   | Found a staircase to the Slime Pits.
 12369 | Lair:4   | Reached skill level 11 in Fighting
 12369 | Lair:4   | Reached skill level 10 in Shields
 12730 | Lair:5   | Entered Level 5 of the Lair of Beasts
 12940 | Lair:5   | Reached ****** piety under Trog
 12940 | Lair:5   | Received a gift from Trog
 13154 | Lair:5   | Reached skill level 10 in Dodging
 13522 | Lair:5   | Reached skill level 12 in Fighting
 13731 | Lair:5   | Reached XP level 14. HP: 121/126 MP: 4/13
 13736 | Lair:5   | Received a gift from Trog
 14214 | D:10     | Entered Level 10 of the Dungeon
 14214 | D:10     | Found a stormy altar of Qazlal.
 14237 | D:10     | Found an ancient bone altar of Kikubaaqudgha.
 14819 | D:10     | Found a blossoming altar of Fedhas.
 15266 | D:11     | Found a staircase to the Orcish Mines.
 15283 | D:11     | Found a sacrificial altar of Ru.
 15373 | D:11     | Received a gift from Trog
 15453 | D:11     | Found Ycithupa's Magic Scroll Boutique.
 15473 | D:11     | Bought a scroll of identify for 28 gold pieces
 15473 | D:11     | Bought a scroll of identify for 28 gold pieces
 15473 | D:11     | Bought a scroll of enchant armour for 105 gold pieces
 15473 | D:11     | Bought a scroll of identify for 28 gold pieces
 15473 | D:11     | Bought a scroll of identify for 28 gold pieces
 15607 | D:12     | Noticed Sonja
 15623 | D:12     | Killed Sonja
 16022 | D:12     | Identified the +0 scale mail of Impatience {Harm}
 16288 | Orc:1    | Entered Level 1 of the Orcish Mines
 16467 | Orc:1    | Paralysed by an orc sorcerer for 4 turns
 16475 | Orc:1    | Reached skill level 13 in Fighting
 16619 | Orc:2    | Entered Level 2 of the Orcish Mines
 16771 | Orc:2    | Found a staircase to the Elven Halls.
 16775 | Orc:2    | Found Resitz's Book Emporium.
 16824 | Orc:2    | Noticed Maurice
 16844 | Orc:2    | Something stole a ring of ice
 16845 | Orc:2    | Something stole a +3 war axe
 16861 | Orc:2    | Something stole 493 gold
 16993 | Orc:2    | Killed Maurice
 17337 | Orc:2    | Found Liruefit's Magic Scroll Emporium.
 17337 | Orc:2    | Found Xioporgh's Book Emporium.
 17338 | Orc:2    | Found Ethruq's Antique Armour Shoppe.
 17342 | Orc:2    | Found Retyt's General Store.
 17347 | Orc:2    | Bought a pair of runed boots for 180 gold pieces
 17354 | Orc:2    | Bought a scroll of enchant armour for 112 gold pieces
 17354 | Orc:2    | Bought a scroll of enchant armour for 112 gold pieces
 17354 | Orc:2    | Bought a scroll of enchant weapon for 112 gold pieces
 17354 | Orc:2    | Bought a scroll of blinking for 112 gold pieces
 17355 | Orc:2    | Bought a scroll of poison for 68 gold pieces
 17355 | Orc:2    | Bought a scroll of poison for 68 gold pieces
 17355 | Orc:2    | Bought a potion of resistance for 170 gold pieces
 17984 | Elf:1    | Entered Level 1 of the Elven Halls
 18041 | Elf:1    | Paralysed by an air elemental for 1 turns
 18192 | D:13     | Received a gift from Trog
 18287 | D:13     | Found a gate to the Vaults.
 18531 | D:13     | Identified the +0 pair of gloves of the Blessed Realm {rC+
                  | Will- Str+5}
 18779 | D:13     | Reached XP level 15. HP: 137/137 MP: 14/14
 19248 | D:14     | Found a runed translucent door.
 19253 | D:14     | Noticed Dunag's ghost (journeyman MiFi)
 19583 | D:14     | Reached skill level 14 in Fighting
 20062 | D:15     | Entered Level 15 of the Dungeon
 20131 | D:15     | Found a staircase to the Depths.
 20182 | D:15     | Paralysed by an air elemental for 1 turns
 20512 | Swamp:1  | Entered Level 1 of the Swamp
 20580 | Swamp:1  | Noticed Roxanne
 20609 | Swamp:1  | Received a gift from Trog
 20680 | Swamp:1  | Killed Roxanne
 21079 | Swamp:1  | Noticed a fenstrider witch
 21090 | Swamp:1  | Killed a fenstrider witch
 21498 | Swamp:2  | Reached skill level 15 in Fighting
 22006 | Swamp:3  | Reached skill level 15 in Armour
 22132 | Swamp:3  | Received a gift from Trog
 22133 | Swamp:3  | Reached XP level 16. HP: 141/149 MP: 15/15
 22344 | Swamp:3  | Noticed a thorn hunter
 22350 | Swamp:3  | Killed a thorn hunter
 22512 | Swamp:4  | Entered Level 4 of the Swamp
 22549 | Swamp:4  | Identified a scroll of acquirement
 22549 | Swamp:4  | Acquired a manual of Fighting
 22668 | Swamp:4  | Reached skill level 15 in Shields
 22824 | Swamp:4  | Reached skill level 16 in Fighting
 23082 | Swamp:4  | Noticed a tentacled monstrosity
 23096 | Swamp:4  | Killed a tentacled monstrosity
 23185 | Swamp:4  | Noticed the 27-headed Lernaean hydra
 23519 | Swamp:4  | Reached skill level 17 in Fighting
 23755 | Swamp:4  | Killed the 26-headed Lernaean hydra
 23797 | Swamp:4  | Received a gift from Trog
 23982 | Swamp:4  | Got a decaying rune of Zot
 24185 | Spider:1 | Entered Level 1 of the Spider Nest
 24289 | Spider:1 | Reached skill level 18 in Fighting
 25411 | Spider:2 | Reached skill level 19 in Fighting
 25416 | Spider:2 | Identified the +8 broad axe "Umimiel" {flame, Dex+2} (Trog
                  | gifted it to you on level 2 of the Spider Nest)
 25416 | Spider:2 | Received a gift from Trog
 25417 | Spider:2 | Reached XP level 17. HP: 168/168 MP: 16/16
 25719 | Spider:2 | Identified the +3 ring mail of Baldness {Str+4}
 25764 | Spider:2 | Reached skill level 15 in Dodging
 26648 | Spider:2 | Reached skill level 20 in Fighting
 26715 | Spider:3 | Noticed Mara
 26718 | Spider:3 | Noticed Arachne
 26731 | Spider:3 | Noticed case's illusion
 27073 | Spider:3 | Killed Arachne
 27103 | Spider:3 | Noticed case's illusion
 27205 | Spider:3 | Noticed case's illusion
 27459 | Spider:3 | Noticed case's illusion
 27478 | Spider:3 | Killed Mara
 27606 | Spider:3 | Received a gift from Trog
 27749 | Spider:3 | Reached skill level 21 in Fighting
 27778 | Spider:3 | Paralysed by a jorogumo for 1 turns
 28233 | Spider:4 | Entered Level 4 of the Spider Nest
 28332 | Spider:4 | Found a runed translucent door.
 28333 | Spider:4 | Noticed gummybears's ghost (adept HOMo)
 28373 | Spider:4 | Noticed Louise
 28375 | Abyss:2  | Cast into level 2 of the Abyss (Louise)
 28618 | Abyss:2  | Received a gift from Trog
 28724 | Abyss:3  | Paralysed by accursed screaming for 1 turns
 28731 | Abyss:3  | Paralysed by accursed screaming for 1 turns
 28745 | Abyss:3  | Reached skill level 22 in Fighting
 28745 | Abyss:3  | Paralysed by accursed screaming for 1 turns
 28748 | Abyss:3  | Gained mutation: You are frail. (-10% HP) [a neqoxec]
 28765 | Abyss:3  | HP: 7/157 [great orb of eyes (14)]
 28865 | Abyss:3  | Identified the +0 leather armour of the Original Sin {rCorr
                  | Dex+3}
 28897 | Abyss:3  | HP: 3/158 [salamander/+0 trident (6)]
 28897 | Abyss:3  | Mangled by a salamander

Illustrated notes

Levels and vault maps discovered:
D:1:      eino_arrival_water_cross, layout_loops_ring, minmay_box_of_dots
D:2:      layout_loops_cross, dreamdust_ecumenical_altar_drowned_temple
D:3:      layout_loops_corners, general_overflow_altar, ebering_ghost_sewer_d,
          uniq_jessica, uniq_grinder
D:4:      minmay_goblin_kobold_castle, layout_cave_pools, uniq_menkaure,
          uniq_duvessa
D:5:      layout_rooms, minmay_temple_entry_water_ring, serial_rivers,
          chequers_serial_rivers_room_a, chequers_serial_rivers_small_3,
          chequers_serial_rivers_micro_d, chequers_serial_rivers_micro_c,
          chequers_serial_rivers_micro_e, chequers_serial_rivers_micro_b
D:6:      layout_loops_corners, lemuel_coloured_pillars_altar
D:7:      layout_basic, lightli_temple_of_fire, enter_bailey_3, uniq_joseph,
          uniq_pikel
D:8:      layout_gridville, lemuel_mausoleum_altar_yredelemnul,
          chequers_mini_garden, minivault_26
D:9:      layout_big_octagon, okawaru_trees_2, mainiacjoe_overflow_catwalk,
          nicolae_overflow_hidden_temple, cheibrodos_ashenzari_chains,
          david_lair_generic, serial_bayou_lake_a, uniq_grum
D:10:     layout_roguey, grunt_temple_overflow_forces_of_nature,
          nicolae_kikubaaqudgha_miasma_corner, hangedman_stone_soup,
          serial_library_regret_index_branch_corner
D:11:     layout_basic, orc_0_dummy, serial_shops, shop,
          nicolae_ru_sacrificial_ziggurat
D:12:     layout_basic, uniq_sonja
D:13:     layout_irregular_city, david_vaults_2
D:14:     layout_roguey, ebering_ghost_reflecting_pool, chequers_arboretum
D:15:     hangedman_crystal_crosses_colossus [crystal_crosses_arms_four,
          crystal_crosses_arms_four, crystal_crosses_arms_one], serial_shops,
          uniq_azrael
Lair:1:   layout_loops_ring, serial_bayou, serial_bayou_shore_a,
          serial_bayou_shore_b, serial_bayou_ford_a, serial_bayou_lagoon_a,
          serial_bayou_crossing, lemuel_fruit_fields
Lair:2:   layout_roguey, nicolae_lair_lil_pond, grunt_megastairs_3,
          lemuel_fruit_fields, infiniplex_staircase_pool_2, uniq_erica
Lair:3:   nzn_winding_woodlands_stair_trap [nzn_winding_woodlands_5x15_pockets,
          nzn_winding_woodlands_5x15_river_crossing,
          nzn_winding_woodlands_5x15_eye,
          nzn_winding_woodlands_15x15_thick_spiral,
          nzn_winding_woodlands_5x15_garden, nzn_winding_woodlands_5x15_parted,
          nzn_winding_woodlands_5x15_sawtooth], layout_cave_shapes,
          palyth_hydra_swamp_entry, hellmonk_spider_entry_not_the_bees
Lair:4:   layout_misc_corridors, minmay_slime_entry_oklob_open,
          serial_bayou_shore_b, lemuel_fruit_tree, lemuel_fruit_fields
Lair:5:   minmay_lair_end_frog_pond, layout_big_grid, grunt_megastairs_1
Swamp:1:  layout_basic_swamp, nicolae_swamp_trees_clearing, swamp_pool_1_2,
          hangedman_swamp_wriggling, uniq_roxanne
Swamp:2:  layout_basic_swamp, infiniplex_staircase_pool
Swamp:3:  layout_basic_swamp, evilmike_swamp_ruin_house_2
Swamp:4:  swamp_old_school, layout_basic_swamp
Spider:1: layout_cave_pods
Spider:2: layout_chambers
Spider:3: layout_spider_delve, uniq_arachne, uniq_mara
Spider:4: hellmonk_spider_rune_bug_friends, ebering_ghost_reflecting_pool,
          uniq_louise
Orc:1:    layout_diamond_mine
Orc:2:    st_orc_mages, layout_diamond_mine, serial_shops,
          nicolae_shop_pleasant_corner_grove, uniq_maurice
Elf:1:    layout_geoelf_diagonals, minmay_elf_annihilation
Abyss:3:  base: Spider:2, evilmike_abyss_exit_10,
          hangedman_abyss_or_decor_slice, evilmike_abyss_exit_kraken

Skill      XL: |  1  2  3  4  5  6  7  8  9 10 11 12 13 14 15 16 17 |
---------------+----------------------------------------------------+-----
Axes           | 4 5 6 8 9 11 12 14 15 16 17 18 | 18.9
Shields        | 2 4 6 8 9 11 13 14 15 17 | 17.0
Fighting       | 4 6 7 9 10 12 13 15 19 22 | 22.1
Armour         | 4 5 7 8 10 11 13 15 16 17 | 17.3
Dodging        | 3 5 6 7 9 10 12 13 14 15 | 15.8

Action                     |  1- 3 |  4- 6 |  7- 9 | 10-12 | 13-15 | 16-18 || total
---------------------------+-------+-------+-------+-------+-------+-------++-------
  Melee: Hand axe          |    98 |    73 |    41 |       |       |       ||   212
         Headbutt          |    11 |    10 |    51 |   117 |   249 |   204 ||   642
         Punch             |     1 |       |       |       |       |       ||     1
         War axe           |       |       |   257 |   513 |   511 |       ||  1281
         Scimitar          |       |       |       |    48 |     9 |       ||    57
         Broad axe         |       |       |       |       |   640 |   819 ||  1459
         Unarmed           |       |       |       |       |       |     9 ||     9
 Invoke: Berserk           |       |     2 |     3 |     9 |     4 |     4 ||    22
         Trog's Hand       |       |     1 |     1 |       |     3 |     5 ||    10
         Brothers in Arms  |       |       |       |     1 |     3 |     2 ||     6
    Use: Scroll            |     2 |     2 |     3 |     6 |    21 |    10 ||    44
         Potion            |       |       |       |       |     3 |     3 ||     6
   Stab: Distracted        |       |       |       |       |     1 |       ||     1
 Armour: Scale mail        |    32 |    30 |   101 |   245 |   133 |       ||   541
         Plate armour      |       |       |       |       |   197 |   395 ||   592
         Skin              |       |       |       |       |       |     5 ||     5
  Dodge: Dodged            |    63 |    37 |    91 |   265 |   325 |   304 ||  1085
  Block: Other             |    24 |     8 |    10 |       |       |       ||    42
         Kite shield       |       |       |   223 |   579 |  1122 |   944 ||  2868
         Reflection        |       |       |     8 |    20 |    48 |    17 ||    93

Table legend: (Time is in decaauts)
 A = Elapsed time spent in this place.
 B = Non-inter-level travel time spent in this place.
 C = Inter-level travel time spent in this place.
 D = Time resting spent in this place.
 E = Time spent auto-exploring this place.
 F = Levels seen in this place.
 G = Mean time per level.
                   A        B        C        D        E       F      G
               +--------+--------+--------+--------+--------+-----+--------+
         Total |  28651 |  27257 |   1394 |   1732 |  19462 |  34 |  842.7 |
       Dungeon |  11244 |  10586 |    658 |      1 |   8400 |  15 |  749.6 |
          Lair |   6843 |   6441 |    402 |    572 |   4565 |   5 | 1368.6 |
         Swamp |   3515 |   3394 |    121 |    410 |   2246 |   4 |  878.8 |
   Spider Nest |   4076 |   3922 |    154 |    329 |   2786 |   4 | 1019.0 |
  Orcish Mines |   1695 |   1638 |     57 |     16 |   1162 |   2 |  847.5 |
   Elven Halls |     87 |     87 |      0 |      0 |     39 |   1 |   87.0 |
         Abyss |    502 |    502 |      0 |     43 |    113 |   2 |  251.0 |
        Bailey |    687 |    687 |      0 |    360 |    150 |   1 |  687.0 |
               +--------+--------+--------+--------+--------+-----+--------+

Top non-repeatable levels by time:
  Lair:3: 2284 daAuts
Spider:2: 1928 daAuts
  Lair:1: 1401 daAuts
 Swamp:4: 1353 daAuts
  Lair:5: 1333 daAuts
   Orc:2: 1261 daAuts
Spider:1: 1165 daAuts
     D:4: 1111 daAuts
     D:3: 1041 daAuts
  Lair:4: 1010 daAuts
     D:6: 993 daAuts
    D:13: 988 daAuts
    D:14: 910 daAuts
    D:10: 886 daAuts
 Swamp:1: 877 daAuts
